 Dungeon Crawl Stone Soup version 0.30-a0-373-gd37427bb62 (webtiles) character file.

Game seed: 2617082990631352731

389 qeuew the Shield-Bearer (level 7, 0/55 HPs)
             Began as a Formicid Fighter on Nov 23, 2022.
             Slain by an ogre
             ... wielding a +0 giant club
              (23 damage)
             ... on level 4 of the Dungeon.
             The game lasted 00:03:29 (2793 turns).

qeuew the Shield-Bearer (Formicid Fighter)          Turns: 2793, Time: 00:03:30

Health: 0/55       AC:  9    Str: 21    XL:     7   Next: 7%
Magic:  7/7        EV:  8    Int:  7    God:
Gold:   170        SH:  5    Dex: 15    Spells: 6/6 levels left

rFire   . . .      SeeInvis +    a - +0 war axe
rCold   . . .      Faith    .    c - +0 buckler
rNeg    . . .      Spirit   .    n - +0 chain mail {Will+}
rPois   .          Reflect  .    (helmet unavailable)
rElec   .          Harm     .    (no cloak)
rCorr   .          Rampage  .    (no gloves)
Will    +....                    (no boots)
Stlth   ..........               (no amulet)
HPRegen 0.29/turn                (no ring)
MPRegen 0.10/turn                (no ring)

@: no status effects
A: permanent stasis, dig shafts and tunnels, antennae 3, four strong arms
a: Dig, Shaft Self


You were on level 4 of the Dungeon.
You visited 1 branch of the dungeon, and saw 4 of its levels.

You collected 170 gold pieces.

Inventory:

Hand Weapons
 a - a +0 war axe (weapon)
Missiles
 b - 2 throwing nets
Armour
 c - a +0 buckler (worn)
 n - a +0 chain mail of willpower (worn)
Jewellery
 k - an amulet of magic regeneration
Wands
 i - a wand of roots (10)
Scrolls
 h - a scroll of fog {unknown}
 j - a scroll of teleportation {unknown}
 l - a scroll of fear
Potions
 d - a potion of might
 e - a potion of flight
 f - a potion of lignification {unknown}
 g - a potion of ambrosia {unknown}


   Skills:
 + Level 4.4 Fighting
 * Level 4.2 Axes
 + Level 4.5 Armour
 + Level 2.1 Dodging
 + Level 5.3 Shields
 + Level 0.5 Evocations


You had 6 spell levels left.
You didn't know any spells.
Your spell library contained the following spells:

 Spells                   Type           Power      Damage    Failure   Level
 Sandblast                Erth           0%         2d4       99%         1
 Passwall                 Tmut/Erth      0%         N/A       100%        2
 Stone Arrow              Conj/Erth      0%         3d7       100%        3


Dungeon Overview and Level Annotations

Branches:
Dungeon (4/15)
 Temple: D:4-7

Altars:


Innate Abilities, Weirdness & Mutations

You cannot be hasted, slowed, berserked, paralysed or teleported.
You can dig through walls and to a lower floor.
You have a pair of large antennae on your head. (SInv)
Your four strong arms can wield two-handed weapons with a shield.


Message History

The hound bites you but does no damage.
You hit the hound.
The hound is moderately wounded.
You feel sick.
You are no longer poisoned.
The hound closely misses you. You block the hound's attack.
You miss the hound.
The hound is moderately wounded.
You block the hound's attack. x2
You barely miss the hound.
The hound is moderately wounded.
The hound bites you. You block the hound's attack.
You barely miss the hound.
The hound is moderately wounded.
The hound bites you but does no damage. x2
You barely miss the hound.
The hound is moderately wounded.
The hound bites you but does no damage. x2
You miss the hound.
The hound is moderately wounded.
You block the hound's attack. The hound bites you but does no damage.
You hit the hound.
The hound is severely wounded.
The hound bites you but does no damage.
An ogre comes into view. It is wielding a +0 giant club.
The hound closely misses you.
The ogre shouts!
You hit the hound.
The hound is almost dead.
The hound bites you but does no damage. The hound barely misses you.
You hit the hound.
You kill the hound!
You have reached level 7!
You hit the ogre.
The ogre is lightly wounded.
The ogre hits you with a +0 giant club!!
You slash the ogre!
The ogre is moderately wounded.
The ogre hits you with a +0 giant club!!
You die...

..... .....
#...# ##...
.... .K# #
#O##$# #.#.##
# #@.#.#
#.#~.#
##~#.#..#
#.#~~#
#.~#..#.#
#.#.~####
#~~#.##
#####.#~~##..
#~P#.#
.....#..#...
# ##~#.#
#.#.†#...
#.#### # #.#
#.#~.#... #
...# #.#
#.#~.#... #.
###.######.#
#.#.†....


You could see an ogre and a kobold.

Vanquished Creatures
  An ice beast (D:3)
  A howler monkey (D:4)
  2 hounds (D:4)
  An iguana (D:4)
  Natasha (twice) (D:3)
  5 adders
  3 worms (D:2)
  A dart slug (D:2)
  6 orcs (D:3)
  4 bats
  3 endoplasms
  3 giant cockroaches
  8 hobgoblins
  7 jackals
  6 kobolds
  5 quokkas
  6 ball pythons
  4 frilled lizards
  2 goblins
  5 rats
75 creatures vanquished.

Vanquished Creatures (others)
  4 fungi (D:4)
4 creatures vanquished.

Grand Total: 79 creatures vanquished

Notes
Turn   | Place    | Note
-------+----------+-------------------------------------------
     0 | D:1      | qeuew the Formicid Fighter began the quest for the Orb.
     0 | D:1      | Reached XP level 1. HP: 18/18 MP: 1/1
   110 | D:1      | Reached XP level 2. HP: 24/24 MP: 2/2
   260 | D:1      | You fall into a shaft and drop 1 floor!
   323 | D:2      | Reached XP level 3. HP: 28/29 MP: 3/3
   677 | D:1      | Reached XP level 4. HP: 36/36 MP: 4/4
   979 | D:2      | Reached skill level 1 in Dodging
  1371 | D:3      | Noticed an ice beast
  1383 | D:3      | Killed an ice beast
  1384 | D:3      | Reached XP level 5. HP: 29/42 MP: 5/5
  2190 | D:3      | Noticed Natasha
  2200 | D:3      | Killed Natasha
  2201 | D:3      | Reached XP level 6. HP: 41/48 MP: 6/6
  2344 | D:3      | Noticed Natasha
  2351 | D:3      | Killed Natasha
  2352 | D:3      | Reached skill level 5 in Shields
  2789 | D:4      | Noticed an ogre
  2792 | D:4      | Reached XP level 7. HP: 47/55 MP: 7/7
  2793 | D:4      | Slain by an ogre

Illustrated notes

Levels and vault maps discovered:
D:1:      ncdulo_halloftheorcs, layout_loops_ring
D:2:      layout_rooms
D:3:      layout_loops_corners, uniq_natasha
D:4:      layout_loops_ring, serial_aquarium, aquarium_bridge_straight
          [aquarium_subvault_bridge, aquarium_subvault_window,
          aquarium_subvault_bridge, aquarium_subvault_wall], aquarium_window_1,
          aquarium_window_3, aquarium_window_1, aquarium_view_2a,
          aquarium_view_2d

Skill      XL: |  1  2  3  4  5  6 |
---------------+-------------------+-----
Dodging        | 1 2 |  2.1
Axes           | 3 4 |  4.2
Fighting       | 4 |  4.4
Armour         | 4 |  4.5
Shields        | 5 |  5.3
Evocations     | |  0.5

Action                   |  1- 3 |  4- 6 |  7- 9 || total
-------------------------+-------+-------+-------++-------
Melee: War axe           |   108 |   134 |     2 ||   244
 Abil: Dig               |       |     1 |       ||     1
  Use: Potion            |       |     4 |       ||     4
       Scroll            |       |     4 |       ||     4
Armor: Scale mail        |    57 |     7 |       ||    64
       Chain mail        |       |    73 |       ||    73
Dodge: Dodged            |    66 |    46 |       ||   112
Block: Buckler           |    33 |    39 |       ||    72

Table legend: (Time is in decaauts)
 A = Elapsed time spent in this place.
 B = Non-inter-level travel time spent in this place.
 C = Inter-level travel time spent in this place.
 D = Time resting spent in this place.
 E = Time spent auto-exploring this place.
 F = Levels seen in this place.
 G = Mean time per level.
                   A        B        C        D        E       F      G
               +--------+--------+--------+--------+--------+-----+--------+
         Total |   2886 |   2721 |    165 |     43 |   2062 |   4 |  721.5 |
       Dungeon |   2886 |   2721 |    165 |     43 |   2062 |   4 |  721.5 |
               +--------+--------+--------+--------+--------+-----+--------+

Top non-repeatable levels by time:
     D:3: 1004 daAuts
     D:1: 784 daAuts
     D:2: 648 daAuts
     D:4: 449 daAuts
